 Dungeon Crawl Stone Soup version 0.30-a0-1008-g30c9307041 (webtiles) character file.

Game seed: 13990657700950173304

86 mandoloar the Insei (level 4, -12/34 HPs)
             Began as an Octopode Transmuter on Apr 5, 2023.
             Was an Initiate of Cheibriados.
             Shot with an arrow by a centaur (13 damage)
             ... on level 3 of the Dungeon.
             The game lasted 00:09:24 (3816 turns).

mandoloar the Insei (Octopode Transmuter)           Turns: 3816, Time: 00:09:24

Health: -12/34     AC:  5    Str: 10    XL:     4   Next: 49%
Magic:  7/7        EV: 10    Int: 18    God:    Cheibriados [......]
Gold:   173        SH:  0    Dex: 13    Spells: 1/8 levels left

rFire   x . .      SeeInvis +      - Unarmed
rCold   + + +      Faith    .    (shield currently unavailable)
rNeg    . . .      Spirit   .    (helmet currently unavailable)
rPois   +          Reflect  .    h - amulet of magic regeneration
rElec   .          Rampage  .    e - ring of see invisible
rCorr   .                        (no ring)
Will    .....                    (no ring)
Stlth   +                        (no ring)
HPRegen 0.25/turn                (no ring)
MPRegen 0.50/turn                (no ring)
                                 (no ring)
                                 (no ring)

@: ice-form, very slow
A: freezing attack, boosted hp, almost no armour, amphibious, 8 rings, large,
(camouflage 1), (gelatinous body 1), (nimble swimmer 1), (tentacles)
a: End Transformation, Renounce Religion


You were on level 3 of the Dungeon.
You worshipped Cheibriados.
Cheibriados was noncommittal.
You were a creature of crystalline ice.
You visited 1 branch of the dungeon, and saw 3 of its levels.

You collected 173 gold pieces.

Inventory:

Missiles
 f - 18 stones
 n - 9 poisoned darts
Jewellery
 e - a ring of see invisible (left front paw)
 h - an amulet of magic regeneration (around neck)
Wands
 w - a wand of digging (6)
Scrolls
 b - 2 scrolls of identify {unknown}
 i - 3 scrolls of amnesia {unknown}
 j - 2 scrolls of fog {unknown}
 l - a scroll of teleportation {unknown}
 o - a scroll of enchant armour {unknown}
 p - a scroll of magic mapping {unknown}
 q - a scroll of noise {unknown}
 r - a scroll of fear {unknown}
 t - a scroll of immolation {unknown}
 u - a scroll of blinking {unknown}
Potions
 a - 2 potions of lignification
 c - a potion of haste {unknown}
 d - a potion of flight {unknown}
 g - 2 potions of berserk rage {unknown}
 k - a potion of heal wounds {unknown}
 m - a potion of invisibility {unknown}
 s - 3 potions of might {unknown}
 v - a potion of degeneration {unknown}
 x - a potion of attraction {unknown}


   Skills:
 + Level 1.9 Fighting
 + Level 2.6 Dodging
 + Level 3.4 Unarmed Combat
 + Level 2.5 Spellcasting
 + Level 2.6 Transmutations
 + Level 0.5 Ice Magic


You had one spell level left.
You knew the following spells:

 Your Spells              Type           Power      Damage    Failure   Level
a - Beastly Appendage     Tmut           22%        N/A       6%          1
b - Wereblood             Tmut           11%        N/A       9%          2
c - Ice Form              Ice/Tmut       8%         N/A       65%         4

Your spell library contained the following spells:

 Spells                   Type           Power      Damage    Failure   Level
 Blink                    Tloc           4%         N/A       26%         2
 Lesser Beckoning         Tloc           4%         N/A       26%         2
 Momentum Strike          Conj/Tloc      4%         3d8       26%         2
 Spider Form              Tmut/Pois      7%         N/A       30%         3
 Ignite Poison            Fire/Tmut/Pois 5%         N/A       34%         3
 Sticky Flame             Conj/Fire      2%         2d3       86%         4
 Ignition                 Fire           1%         3d3       100%        8


Dungeon Overview and Level Annotations

Branches:
Dungeon (3/15)

Altars:
Cheibriados

Annotations:
D:3 exclusion: centaur


Innate Abilities, Weirdness & Mutations

You are a creature of crystalline ice.
You have a powerful freezing melee attack.
Your maximum health is increased.
Your armour is entirely melded.
You are incapable of wielding weapons or throwing items.
You cannot wear most types of armour.
You are amphibious.
You can wear up to eight rings at the same time.
((Your skin changes colour to match your surroundings (Stealth+).))
((Your rubbery body absorbs attacks. (AC +1, EV +1)))
((You are camouflaged when in or above water. (Stealth+)))
((You have tentacles for arms and can constrict up to eight enemies at once.))


Message History

Cheibriados appreciates the change of pace.
No target in view!
Your transformation is almost over.
Your tentacle spike disappears.
You see here a +0 dagger.
Partly explored, can't reach some places.
Partly explored, can't reach some places.
Casting: Beastly Appendage (safe; 6% risk of failure)
Confirm with . or Enter, or press ? or * to list all spells.
You miscast Ice Form.
You are very lightly contaminated with residual magic.
You feel a strange surge of energy.
Casting: Ice Form (astonishingly dangerous; 65% risk of failure)
Confirm with . or Enter, or press ? or * to list all spells.
You miscast Ice Form.
Nothing appears to happen.
You start resting.
Magic restored.
You start waiting.
Your magical contamination has completely faded away.
Casting: Ice Form (astonishingly dangerous; 65% risk of failure)
Confirm with . or Enter, or press ? or * to list all spells.
You turn into a creature of crystalline ice.
Really walk into a travel-excluded area?
The centaur shouts!
The centaur wields a +0 shortbow.
The centaur shoots an arrow.
The arrow hits you!
The centaur shoots an arrow.
The arrow hits you.
The centaur shoots an arrow.
The arrow hits you!
The centaur shoots an arrow.
The arrow barely misses you.
The centaur shoots an arrow.
The arrow barely misses you.
The centaur shoots an arrow.
The arrow hits you.
* * * LOW HITPOINT WARNING * * *
The centaur shoots an arrow.
The arrow completely misses you.
The centaur shoots an arrow.
The arrow barely misses you.
The centaur shoots an arrow.
The arrow closely misses you.
The centaur shoots an arrow.
The arrow hits you.
* * * LOW HITPOINT WARNING * * *
Okay, then.
Okay, then.
The centaur shoots an arrow.
The arrow hits you!
You die...

######.# .......# .#####.# .# #.#
.### #.# ...# #.# ...# #.# ...#
#.# ########## ...# #.#
#.....Y.c# # ..)# #.####........#
# ...###........[....# #
...#...............#### ######
...#.#####............# #.....
.........#............# #.....
.......#.#............### #.....
.....#.#...#..##........# #.....
......>.####..##......>.####.....


You could see a centaur.

Vanquished Creatures
  2 adders
  A worm (D:2)
  A dart slug (D:3)
  2 orcs (D:3)
  6 ball pythons
  6 endoplasms
  3 giant cockroaches
  4 goblins
  9 hobgoblins
  2 jackals (D:3)
  3 kobolds
  4 quokkas
  2 bats
  4 frilled lizards
  7 rats
56 creatures vanquished.

Notes
Turn   | Place    | Note
-------+----------+-------------------------------------------
     0 | D:1      | mandoloar the Octopode Transmuter began the quest for the
                  | Orb.
     0 | D:1      | Reached XP level 1. HP: 13/13 MP: 3/3
    77 | D:1      | Reached XP level 2. HP: 18/18 MP: 3/5
   333 | D:1      | Learned a level 2 spell: Wereblood
  1056 | D:1      | Reached XP level 3. HP: 22/23 MP: 4/6
  2203 | D:2      | Found a faded altar of an unknown god.
  2369 | D:3      | Reached XP level 4. HP: 19/29 MP: 7/7
  2434 | D:3      | Learned a level 4 spell: Ice Form
  2538 | D:3      | Found a snail-covered altar of Cheibriados.
  2715 | D:3      | Became a worshipper of Cheibriados the Contemplative
  3219 | D:3      | Noticed a centaur
  3815 | D:3      | HP: 1/34 [centaur/arrow (5)]
  3816 | D:3      | Shot with an arrow by a centaur

Illustrated notes

Levels and vault maps discovered:
D:1:      minmay_arrival_doors, layout_basic, minmay_misc_feat_room,
          corner_web_ring, wad_floor_pattern_1
D:2:      layout_loops_cross, dreamdust_ecumenical_altar_hidden_monk_grotto
D:3:      layout_basic, mainiacjoe_overflow_concentric_impassable,
          minmay_pentangle

Action                     |  1- 3 |  4- 6 || total
---------------------------+-------+-------++-------
  Melee: Unarmed           |    71 |    28 ||    99
         Kick              |    24 |     9 ||    33
         Constrict         |    21 |    13 ||    34
         Tentacles         |    16 |     8 ||    24
         Punch             |       |     1 ||     1
  Throw: Stone             |     1 |     6 ||     7
   Cast: Beastly Appendage |    29 |    14 ||    43
         Ice Form          |       |     1 ||     1
   Stab: Sleeping          |     4 |       ||     4
 Armour: Skin              |     4 |     1 ||     5
  Dodge: Dodged            |    35 |    25 ||    60

Table legend: (Time is in decaauts)
 A = Elapsed time spent in this place.
 B = Non-inter-level travel time spent in this place.
 C = Inter-level travel time spent in this place.
 D = Time resting spent in this place.
 E = Time spent auto-exploring this place.
 F = Levels seen in this place.
 G = Mean time per level.
                   A        B        C        D        E       F      G
               +--------+--------+--------+--------+--------+-----+--------+
         Total |   3957 |   3766 |    191 |   1509 |   1768 |   3 | 1319.0 |
       Dungeon |   3957 |   3766 |    191 |   1509 |   1768 |   3 | 1319.0 |
               +--------+--------+--------+--------+--------+-----+--------+

Top non-repeatable levels by time:
     D:3: 1600 daAuts
     D:1: 1361 daAuts
     D:2: 995 daAuts
